NWL (28 & UNDER)
MOOSE JAW GHOSTBUSTERS @ SAN DIEGO SMASHERS
08/15/2030
 
TOP OF THE 1ST
Moose Jaw Ghostbusters batting - Pitching for San Diego Smashers : RHP Tony Fullerton
Pitching: RHP Tony Fullerton
Batting: SHB Lonnie Washington 0-0: Called Strike
0-1: Ball
1-1: Ball
2-1: Swinging Strike
2-2: Foul Ball, location: 2F
2-2: Foul Ball, location: 2F
2-2: Ball
3-2: Ground out 4-3 (Groundball, 4MD)
Batting: RHB Edmund Kline 0-0: Ball
1-0: Ball
2-0: Foul Ball, location: 2F
2-1: Called Strike
2-2: Strikes out swinging
Batting: SHB Rafael Acosta 0-0: Ball
1-0: SINGLE (Groundball, 6) (infield hit)
Batting: LHB Bill O'Higgins 0-0: Ball
Rafael Acosta steals 2nd base
1-0: Ball
2-0: Foul Ball, location: 2F
2-1: 2-RUN HOME RUN (Flyball, 78D), Distance : 386 ft
Batting: LHB Tony Beck 0-0: Called Strike
0-1: Ball
1-1: Swinging Strike
1-2: Strikes out swinging
Top of the 1st over - 2 runs, 2 hits, 0 errors, 0 left on base; Moose Jaw 2 - San Diego 0
BOTTOM OF THE 1ST
San Diego Smashers batting - Pitching for Moose Jaw Ghostbusters : RHP Bennett Greer
Pitching: RHP Bennett Greer
Batting: RHB Gerald Davis 0-0: Ball
1-0: Foul Ball, location: 2F
1-1: Ball
2-1: Foul Ball, location: 2F
2-2: Ball
3-2: Foul Ball, location: 2F
3-2: Foul Ball, location: 2F
3-2: Ground out 4-3 (Groundball, 4)
Batting: LHB Richard Brooks 0-0: Ball
1-0: Called Strike
1-1: Ground out U3 (Groundball, 3)
Batting: LHB Steven Smith 0-0: Ball
1-0: Ground out 4-3 (Groundball, 4M)
Bottom of the 1st over - 0 runs, 0 hits, 0 errors, 0 left on base; Moose Jaw 2 - San Diego 0
TOP OF THE 2ND
Moose Jaw Ghostbusters batting - Pitching for San Diego Smashers : RHP Tony Fullerton
Batting: RHB Scott McGuire 0-0: Called Strike
0-1: Ball
1-1: Called Strike
1-2: Foul Ball, location: 2F
1-2: SOLO HOME RUN (Flyball, 9LD), Distance : 366 ft
Batting: LHB Bernard Lane 0-0: Foul Ball, location: 2F
0-1: Foul Ball, location: 2F
0-2: Strikes out looking
Batting: SHB Martín Cruz 0-0: Ground out 4-3 (Groundball, 4)
Batting: RHB Preston Manning 0-0: Ball
1-0: Fly out, F4 (Line Drive, 4M)
Top of the 2nd over - 1 run, 1 hit, 0 errors, 0 left on base; Moose Jaw 3 - San Diego 0
BOTTOM OF THE 2ND
San Diego Smashers batting - Pitching for Moose Jaw Ghostbusters : RHP Bennett Greer
Batting: LHB Jon Rogers 0-0: Ball
1-0: Ball
2-0: Called Strike
2-1: Called Strike
2-2: Ball
3-2: Foul Ball, location: 2F
3-2: Fly out, F9 (Flyball, 9LS)
Batting: RHB Ray Rogers 0-0: Called Strike
0-1: Ground out 6-3 (Groundball, 56)
Batting: RHB Juan García 0-0: Swinging Strike
0-1: Foul Ball, location: 2F
0-2: Ball
1-2: Strikes out looking
Bottom of the 2nd over - 0 runs, 0 hits, 0 errors, 0 left on base; Moose Jaw 3 - San Diego 0
TOP OF THE 3RD
Moose Jaw Ghostbusters batting - Pitching for San Diego Smashers : RHP Tony Fullerton
Batting: SHB Lonnie Washington 0-0: Ball
1-0: Called Strike
1-1: Foul Ball, location: 2F
1-2: Fly out, F9 (Line Drive, 89M)
Batting: RHB Edmund Kline 0-0: Foul Ball, location: 2F
0-1: SINGLE (Flyball, 8LS) - OUT at second base trying to stretch hit.
Batting: SHB Rafael Acosta 0-0: Ball
1-0: Called Strike
1-1: Foul Ball, location: 2F
1-2: DOUBLE (Line Drive, 7LM)
Batting: LHB Bill O'Higgins 0-0: Ball
1-0: Foul Ball, location: 2F
1-1: Ball
2-1: Ground out 5-3 (Groundball, 5)
Top of the 3rd over - 0 runs, 2 hits, 0 errors, 1 left on base; Moose Jaw 3 - San Diego 0
BOTTOM OF THE 3RD
San Diego Smashers batting - Pitching for Moose Jaw Ghostbusters : RHP Bennett Greer
Batting: RHB Manny Torrez 0-0: Ball
1-0: Called Strike
1-1: Called Strike
1-2: Ball
2-2: Fly out, F1 (Popup, P)
Batting: LHB Ryan Rheaume 0-0: Ball
1-0: Foul Ball, location: 2F
1-1: Foul Ball, location: 2F
1-2: Ball
2-2: Ground out 4-3 (Groundball, 4D)
Batting: RHB Preston Wooten 0-0: Ball
1-0: Ball
2-0: Ball
3-0: Called Strike
3-1: Base on Balls
Batting: RHB Gerald Davis 0-0: Ball
Preston Wooten is caught stealing 2nd base
Bottom of the 3rd over - 0 runs, 0 hits, 0 errors, 0 left on base; Moose Jaw 3 - San Diego 0
TOP OF THE 4TH
Moose Jaw Ghostbusters batting - Pitching for San Diego Smashers : RHP Tony Fullerton
Batting: LHB Tony Beck 0-0: Swinging Strike
0-1: Ball
1-1: SINGLE (Groundball, 3D)
Batting: RHB Scott McGuire 0-0: Foul Ball, location: 2F
0-1: Foul Ball, location: 2F
0-2: Ball
1-2: Foul Ball, location: 2F
1-2: Fly out, F8 (Flyball, 8RM)
Batting: LHB Bernard Lane 0-0: Ball
1-0: Foul Ball, location: 2F
1-1: Swinging Strike
1-2: Ball
2-2: Foul Ball, location: 2F
2-2: Foul Ball, location: 2F
2-2: Strikes out swinging
Batting: SHB Martín Cruz 0-0: Ball
1-0: Called Strike
1-1: Foul Ball, location: 2F
1-2: Strikes out swinging
Top of the 4th over - 0 runs, 1 hit, 0 errors, 1 left on base; Moose Jaw 3 - San Diego 0
BOTTOM OF THE 4TH
San Diego Smashers batting - Pitching for Moose Jaw Ghostbusters : RHP Bennett Greer
Batting: RHB Gerald Davis 0-0: Fly out, F9 (Flyball, 89M)
Batting: LHB Richard Brooks 0-0: Called Strike
0-1: SINGLE (Groundball, 56D)
Batting: LHB Steven Smith 0-0: Ball
1-0: Called Strike
1-1: Foul Ball, location: 2F
1-2: Ball
2-2: Fly out, F8 (Flyball, 8RD)
Batting: LHB Jon Rogers 0-0: Ball
1-0: Called Strike
1-1: Ball
2-1: Called Strike
2-2: Reached on error, E4 (Groundball, 4)
Richard Brooks to second
Batting: RHB Ray Rogers 0-0: Ball
1-0: Fly out, F9 (Flyball, 9S)
Bottom of the 4th over - 0 runs, 1 hit, 1 error, 2 left on base; Moose Jaw 3 - San Diego 0
TOP OF THE 5TH
Moose Jaw Ghostbusters batting - Pitching for San Diego Smashers : RHP Tony Fullerton
Batting: RHB Preston Manning 0-0: Ball
1-0: Called Strike
1-1: Foul Ball, location: 2F
1-2: Strikes out swinging
Batting: SHB Lonnie Washington 0-0: Called Strike
0-1: Foul Ball, location: 2F
0-2: Ball
1-2: Strikes out swinging
Batting: RHB Edmund Kline 0-0: Swinging Strike
0-1: Ground out 6-3 (Groundball, 6S)
Top of the 5th over - 0 runs, 0 hits, 0 errors, 0 left on base; Moose Jaw 3 - San Diego 0
BOTTOM OF THE 5TH
San Diego Smashers batting - Pitching for Moose Jaw Ghostbusters : RHP Bennett Greer
Batting: RHB Juan García 0-0: Ball
1-0: Ball
2-0: Called Strike
2-1: DOUBLE (Line Drive, 9LM)
Batting: RHB Manny Torrez 0-0: SINGLE (Line Drive, 56)
Juan García to third
Batting: LHB Ryan Rheaume 0-0: Called Strike
0-1: 3-RUN HOME RUN (Flyball, 9LD), Distance : 358 ft
Batting: RHB Preston Wooten 0-0: Ball
1-0: Ground out 5-3 (Groundball, 56S)
Batting: RHB Gerald Davis 0-0: Ball
1-0: Called Strike
1-1: Ball
2-1: SINGLE (Line Drive, 9LS)
Batting: LHB Richard Brooks 0-0: Foul Ball, location: 2F
0-1: Called Strike
Gerald Davis is caught stealing 2nd base
0-2: SINGLE (Line Drive, 9S)
Batting: LHB Steven Smith 0-0: Ball
1-0: Ground out 4-3 (Groundball, 34)
Bottom of the 5th over - 3 runs, 5 hits, 0 errors, 1 left on base; Moose Jaw 3 - San Diego 3
TOP OF THE 6TH
Moose Jaw Ghostbusters batting - Pitching for San Diego Smashers : RHP Tony Fullerton
Batting: SHB Rafael Acosta 0-0: Ball
1-0: Called Strike
1-1: Ball
2-1: Swinging Strike
2-2: Ball
3-2: Fly out, F7 (Flyball, 7D)
Batting: LHB Bill O'Higgins 0-0: Foul Ball, location: 2F
0-1: Ball
1-1: Called Strike
1-2: Ball
2-2: Foul Ball, location: 2F
2-2: Foul Ball, location: 2F
2-2: Foul Ball, location: 2F
2-2: Foul Ball, location: 2F
2-2: Strikes out swinging
Batting: LHB Tony Beck 0-0: Ball
1-0: SOLO HOME RUN (Flyball, 9D), Distance : 380 ft
Batting: RHB Scott McGuire 0-0: Called Strike
0-1: Ball
1-1: Fly out, F8 (Flyball, 89M)
Top of the 6th over - 1 run, 1 hit, 0 errors, 0 left on base; Moose Jaw 4 - San Diego 3
BOTTOM OF THE 6TH
San Diego Smashers batting - Pitching for Moose Jaw Ghostbusters : RHP Bennett Greer
Batting: LHB Jon Rogers 0-0: Ball
1-0: Ball
2-0: Swinging Strike
2-1: Swinging Strike
2-2: Strikes out swinging
Batting: RHB Ray Rogers 0-0: Ball
1-0: Swinging Strike
1-1: Fly out, F7 (Flyball, 7LM)
Batting: RHB Juan García 0-0: Ball
1-0: Fly out, F8 (Flyball, 8RXD)
Bottom of the 6th over - 0 runs, 0 hits, 0 errors, 0 left on base; Moose Jaw 4 - San Diego 3
TOP OF THE 7TH
Moose Jaw Ghostbusters batting - Pitching for San Diego Smashers : RHP Tony Fullerton
Batting: LHB Bernard Lane 0-0: Called Strike
0-1: Ball
1-1: Ball
2-1: DOUBLE (Flyball, 78D)
Batting: SHB Martín Cruz 0-0: Intentional Walk
Pinch Hitting: RHB Bob Cole 0-0: Ball
1-0: Swinging Strike
1-1: SINGLE (Groundball, 6MD)
Bernard Lane to third
Martín Cruz to second
Runner from 3rd tries for Home, throw and OUT!
Martín Cruz to third
Bob Cole to second
Batting: SHB Lonnie Washington 0-0: Intentional Walk
Pinch Hitting: LHB John Stone 0-0: Called Strike
0-1: Grounds into fielders choice 6-2 (Groundball, 6)
Bob Cole to third
Lonnie Washington to second
Batting: SHB Rafael Acosta 0-0: Called Strike
0-1: GRAND SLAM HOME RUN (Flyball, 89XD), Distance : 404 ft
Pitching: LHP Doug Ledoux
Batting: LHB Bill O'Higgins 0-0: Reached on error, E6 (Groundball, 6)
Batting: LHB Tony Beck 0-0: Ball
Bill O'Higgins is caught stealing 2nd base
Top of the 7th over - 4 runs, 3 hits, 1 error, 0 left on base; Moose Jaw 8 - San Diego 3
BOTTOM OF THE 7TH
San Diego Smashers batting - Pitching for Moose Jaw Ghostbusters : RHP Bennett Greer
Now at 2B: Bob Cole
Now at 3B: Russ Long
Batting: RHB Manny Torrez 0-0: Fly out, F7 (Line Drive, 7LM)
Batting: LHB Ryan Rheaume 0-0: Ball
1-0: Foul Ball, location: 2F
1-1: Ball
2-1: Ground out 6-3 (Groundball, 6S)
Batting: RHB Preston Wooten 0-0: Called Strike
0-1: Called Strike
0-2: Ball
1-2: Foul Ball, location: 2F
1-2: Foul Ball, location: 2F
1-2: Strikes out swinging
Bottom of the 7th over - 0 runs, 0 hits, 0 errors, 0 left on base; Moose Jaw 8 - San Diego 3
TOP OF THE 8TH
Moose Jaw Ghostbusters batting - Pitching for San Diego Smashers : LHP Doug Ledoux
Batting: LHB Tony Beck 0-0: Ball
1-0: Fly out, F9 (Flyball, 89D)
Batting: RHB Scott McGuire 0-0: Fly out, F4 (Popup, 4S)
Batting: LHB Bernard Lane 0-0: SINGLE (Line Drive, 6MD)
Batting: SHB Martín Cruz 0-0: DOUBLE (Flyball, 89D)
Bernard Lane to third
Runner from 3rd tries for Home, SAFE, no throw
Batting: RHB Bob Cole 0-0: Ball
1-0: Ball
2-0: Ball
3-0: Called Strike
3-1: Called Strike
3-2: Strikes out looking
Top of the 8th over - 1 run, 2 hits, 0 errors, 1 left on base; Moose Jaw 9 - San Diego 3
BOTTOM OF THE 8TH
San Diego Smashers batting - Pitching for Moose Jaw Ghostbusters : RHP Bennett Greer
Pitching: LHP Teuk-chin Kim
Batting: RHB Gerald Davis 0-0: Ball
1-0: Fly out, F8 (Flyball, 78D)
Pitching: RHP José Orozco
Batting: LHB Richard Brooks 0-0: Ball
1-0: Called Strike
1-1: Ball
2-1: Swinging Strike
2-2: Ball
3-2: Foul Ball, location: 2F
3-2: Base on Balls
Batting: LHB Steven Smith 0-0: Foul Ball, location: 2F
0-1: Foul Ball, location: 2F
0-2: Ball
1-2: Ball
2-2: Strikes out looking
Batting: LHB Jon Rogers 0-0: Ball
1-0: Ball
2-0: Ground out 4-3 (Groundball, 4)
Bottom of the 8th over - 0 runs, 0 hits, 0 errors, 1 left on base; Moose Jaw 9 - San Diego 3
TOP OF THE 9TH
Moose Jaw Ghostbusters batting - Pitching for San Diego Smashers : LHP Doug Ledoux
Pitching: RHP Carlos Madraso
Batting: SHB Lonnie Washington 0-0: Swinging Strike
0-1: Called Strike
0-2: Foul Ball, location: 2F
0-2: Ball
1-2: Strikes out swinging
Batting: RHB Russ Long 0-0: SINGLE (Groundball, 56) (infield hit)
Batting: SHB Rafael Acosta 0-0: SINGLE (Flyball, 7S)
Russ Long to second
Batting: LHB Bill O'Higgins 0-0: SINGLE (Line Drive, 8LS)
Russ Long to third
Rafael Acosta to second
Batting: LHB Tony Beck 0-0: Called Strike
0-1: Ball
1-1: Ball
2-1: Ball
3-1: Swinging Strike
3-2: Fly out, F7 (Flyball, 7LMF)
Runner from 3rd tags up, SCORES, no throw
Batting: RHB Scott McGuire 0-0: Ball
1-0: Foul Ball, location: 2F
1-1: Foul Ball, location: 2F
1-2: Foul Ball, location: 2F
1-2: Ball
2-2: Strikes out swinging
Top of the 9th over - 1 run, 3 hits, 0 errors, 2 left on base; Moose Jaw 10 - San Diego 3
BOTTOM OF THE 9TH
San Diego Smashers batting - Pitching for Moose Jaw Ghostbusters : RHP José Orozco
Batting: RHB Ray Rogers 0-0: Foul Ball, location: 2F
0-1: Foul Ball, location: 2F
0-2: Fly out, F5 (Popup, 15S)
Batting: RHB Juan García 0-0: Called Strike
0-1: Foul Ball, location: 2F
0-2: Ball
1-2: Fly out, F7 (Flyball, 7)
Batting: RHB Manny Torrez 0-0: SINGLE (Flyball, 8RS)
Batting: LHB Ryan Rheaume 0-0: Foul Ball, location: 2F
0-1: Fielders Choice at 2nd, 6-4 (Groundball, 6D)
Bottom of the 9th over - 0 runs, 1 hit, 0 errors, 1 left on base; Moose Jaw 10 - San Diego 3
Saturday, April 7th, 2018 - OOTP Baseball 18.8 Build 76